 Dungeon Crawl Stone Soup version 0.20-a0-772-g73021bd (webtiles) character file.

242 Firecrotchwizard the Ruffian (level 5, -1/46 HPs)
             Began as a Centaur Monk on Feb 27, 2017.
             Slain by Sigmund
             ... wielding a +0 scythe
              (8 damage)
             ... on level 4 of the Dungeon.
             The game lasted 00:09:41 (3955 turns).

Firecrotchwizard the Ruffian (Centaur Monk)         Turns: 3955, Time: 00:09:42

Health: -1/46      AC:  6    Str: 11 (14) XL:     5   Next: 81%
Magic:  5/5        EV: 10    Int:  8 (9)  God:
Gold:   240        SH:  0    Dex: 10 (12) Spells: 4/4 levels left

rFire    . . .     SeeInvis .     - Unarmed
rCold    . . .     Gourm    .   a - +0 robe
rNeg     . . .     Faith    .   (no shield)
rPois    .         Spirit   .   e - +0 helmet
rElec    .         Reflect  .   m - +0 cloak
rCorr    .         Harm     .   (no gloves)
MR       .....                  (no barding)
Stlth    +.........             (no amulet)
Regen    0.2/turn               (no ring)
MPRegen  0.1/turn               (no ring)

@: very quick
A: hooves 3, deformed body, speed 2, tough skin 3
a: no special abilities


You were on level 4 of the Dungeon.
You were not hungry.

You visited 1 branch of the dungeon, and saw 4 of its levels.

You collected 240 gold pieces.

Inventory:

Armour
 a - a +0 robe (worn)
 e - a +0 helmet (worn)
 m - a +0 cloak (worn)
Wands
 c - a wand of random effects (24/48)
Scrolls
 d - a scroll of remove curse {unknown}
 g - a scroll of amnesia {unknown}
 h - a scroll of magic mapping {unknown}
 i - a scroll of teleportation {unknown}
 n - a scroll of enchant armour {unknown}
 o - 2 scrolls of identify {unknown}
Potions
 f - a potion of lignification
 k - a potion of agility
 l - a potion of magic
 q - a potion of heal wounds {unknown}
Books
 r - the Volume of the Vitriolic Oath
   (You found it on level 4 of the Dungeon)

   Spells                             Type                      Level
   a - Slow                           Hexes                        2
   b - Mephitic Cloud                 Conjuration/Poison/Air       3
   c - Spider Form                    Transmutation/Poison         3
   d - Leda's Liquefaction            Hexes/Earth                  4
   e - Discord                        Hexes                        8
Comestibles
 b - 5 bread rations
 j - a meat ration
 p - a fruit


   Skills:
 * Level 4.2 Fighting
 - Level 2.1 Dodging
 - Level 1.1 Stealth
 * Level 5.9 Unarmed Combat


You had 4 spell levels left.
You didn't know any spells.

Dungeon Overview and Level Annotations

Branches:
Dungeon (4/15)
 Temple: D:4-7

Altars:
Dithmenos
Elyvilon
Gozag
Okawaru
Zin
The Shining One

Annotations:
D:4 Sigmund


Innate Abilities, Weirdness & Mutations

You have hooves in place of feet.
Armour fits poorly on your strangely shaped body.
You cover ground very quickly.
You have extremely tough skin. (AC +3)


Message History

Sigmund casts a spell.
Sigmund flickers and vanishes!
Deactivating autopickup; reactivate with Ctrl-A.
Something hits you but does no damage.
You closely miss something.
You bump into the rock wall.
Something completely misses you.
You bump into the rock wall.
Something hits you.
You feel less confused.
You miss something. You kick something.
You hear some strange, mumbled words.
A magic dart appears from out of thin air!
The magic dart hits you!
You closely miss something. Something hits you but does no damage.
You closely miss something. You miss something. Your kick misses something.
Something hits you!
You barely miss something. Something hits you!
* * * LOW HITPOINT WARNING * * *
You barely miss something. You hit something but do no damage.
Something hits you!
You die...

##.#.#
#.#.#
#.Z.#
##..#
#..#
#..#
#..#
#.{#
#†@#
#..#
#..#
#..#
#..#
#..#
#.##
#.#
###


You could see a bullfrog skeleton.

Vanquished Creatures
  An orc priest (D:3)
  An orc wizard (D:3)
  Ijyb (D:2)
  Robin (D:2)
  3 adders
  2 worms
  3 dart slugs
  5 leopard geckos
  10 orcs (D:3)
  A giant cockroach (D:3)
  18 goblins
  9 hobgoblins
  3 jackals (D:1)
  A quokka (D:2)
  2 ball pythons
  9 bats
  10 frilled lizards
  10 kobolds
  7 rats
97 creatures vanquished.

Notes
Turn   | Place    | Note
-------+----------+-------------------------------------------
     0 | D:1      | Firecrotchwizard the Centaur Monk began the quest for the Orb.
     0 | D:1      | Reached XP level 1. HP: 19/19 MP: 1/1
   599 | D:1      | Reached XP level 2. HP: 26/26 MP: 2/2
   918 | D:1      | Reached XP level 3. HP: 31/31 MP: 3/3
  1362 | D:2      | Reached skill level 4 in Unarmed Combat
  1392 | D:2      | Noticed Ijyb
  1440 | D:2      | Killed Ijyb
  1440 | D:2      | Reached XP level 4. HP: 27/40 MP: 4/4
  1834 | D:2      | HP: 3/60 [poisoned by an adder]
  2239 | D:2      | Noticed Robin
  2256 | D:2      | Killed Robin
  2338 | D:2      | Reached skill level 5 in Unarmed Combat
  2532 | D:2      | Reached XP level 5. HP: 44/46 MP: 5/5
  2539 | D:3      | Found an iron altar of Okawaru.
  2564 | D:3      | Found a shadowy altar of Dithmenos.
  2698 | D:3      | Found a glowing golden altar of the Shining One.
  2698 | D:3      | Found a white marble altar of Elyvilon.
  2698 | D:3      | Found a glowing silver altar of Zin.
  3505 | D:3      | Found an opulent altar of Gozag.
  3893 | D:4      | Noticed Sigmund
  3908 | D:4      | Identified the Volume of the Vitriolic Oath
  3955 | D:4      | Slain by Sigmund

Vault maps used:
D:1:      minmay_arrival_nine_rooms, minmay_tetromino_l2
D:2:      uniq_iyjb, uniq_robin
D:3:      good_gods_mini_temple, nicolae_overflow_crystal_walls,
          nicolae_gozag_cash_rules_everything_around_me,
          grunt_dithmenos_smoke_and_mirrors
D:4:      overflow_temple_1_default, first_bread,
          hangedman_decor_clover_reticule, uniq_duvessa, uniq_sigmund

Skill      XL: |  1  2  3  4 |
---------------+-------------+-----
Unarmed Combat | 4 5 |  5.9
Fighting       | 4 |  4.2
Dodging        | |  2.1
Stealth        | |  1.1

Action                   |  1- 3 |  4- 6 || total
-------------------------+-------+-------++-------
Melee: Unarmed           |   191 |   231 ||   422
       Kick              |    26 |    41 ||    67
       Punch             |     1 |     3 ||     4
  Use: Potion            |       |     5 ||     5
       Scroll            |       |     2 ||     2
 Stab: Sleeping          |     1 |       ||     1
  Eat: Chunk             |     1 |     7 ||     8
Armor: Robe              |    53 |    40 ||    93
Dodge: Dodged            |   102 |    91 ||   193
